[Event "Azerbaijan Men Championship 2024"]
[Site "Baku"]
[Date "2024.04.11"]
[Round "1.1"]
[White "Suleymanli, Aydin"]
[Black "Abdulov, Orkhan"]
[Result "1-0"]
[ECO "B81"]
[WhiteElo "2607"]
[BlackElo "2401"]
[Annotator "TA"]
[PlyCount "88"]
[EventDate "2024.04.11"]
[EventType "swiss"]
[EventCountry "AZE"]
[SourceTitle "playchess.com"]
[Source "ChessBase"]
[SourceQuality "1"]
[TimeControl "40/5400+30:1800+30"]

1. e4 c5 2. Nf3 d6 3. d4 cxd4 4. Nxd4 Nf6 5. Nc3 e6 6. g4 d5 (6... h6 $11 {remains equal.}) 7. exd5 $1 $16 Nxd5 8. Bb5+ Bd7 {[%emt 0:00:54] White is better.} 9. Nxd5 exd5 {[%emt 0:00:04] [#]} 10. Qe2+ $1 Qe7 11. Be3 {[%emt 0:03:23][%cal Bc1e3,Be3d4,Bd4b6][%mdl 32] White is more active.} a6 12. Bxd7+ Nxd7 13. O-O-O {[%emt 0:06:47] aiming for Rhe1.} Ne5 (13... O-O-O $16 14. Rhe1 Nc5) 14. Nf5 $18 Qe6 15. Rhe1 O-O-O 16. Bd4 Nc6 17. Bb6 {[%emt 0:00:18] Qf3 is the strong threat.} (17. Nxg7 $2 Qxe2 18. Rxe2 Nxd4 19. Rxd4 Bxg7 $19) ({But not} 17. Qxe6+ $6 fxe6 18. Rxe6 Nxd4 19. Nxd4 (19. Rxd4 g6 $16) 19... Bd6) 17... Re8 {[%emt 0:05:24] [#]} 18. Qd2 Qd7 19. Qxd5 Qxd5 20. Rxe8+ Kd7 21. Rd8+ (21. Rxd5+ Kxe8 22. a4 f6) 21... Nxd8 22. Rxd5+ Kc6 23. Rxd8 Kxb6 {[%emt 0:00:04][%mdl 4096] Endgame. KRB-KRN} 24. Nd6 g6 25. Nxf7 Bh6+ 26. Kd1 (26. Nxh6 $2 {loses.} Rxd8 27. g5 Rd5 $19) 26... Rxd8+ 27. Nxd8 {[%emt 0:00:02] Strongly threatening Ne6. KB-KN} Bf4 28. h3 h5 (28... Bg5 $142) 29. c3 hxg4 30. hxg4 a5 (30... Bd6 $142 31. Ke2 Be7) 31. Kc2 a4 32. Ne6 Bd6 33. Kd3 Kc6 34. Ke4 b5 35. Nf4 g5 36. Ne6 Be7 37. Ke5 Bd6+ 38. Kf5 Kd5 39. b3 a3 40. Nxg5 {[%emt 0:00:00] White mates.} b4 41. Ne4 Bf8 42. g5 Bg7 43. cxb4 Kd4 44. b5 Kd5 {[%emt 0:34:36] Black got outplayed after the opening.   Weighted Error Value: White=0.00 (flawless) /Black=0.28 (precise) .  Mistake:       	---       	Black=3      Inaccurate:     	---       	Black=1      OK:         	White=20    	Black=9      Best:        	White=2     	Black=5      Strong:       	White=2     	---} 1-0

[Event "Azerbaijan Men Championship 2024"]
[Site "Baku"]
[Date "2024.04.11"]
[Round "1.2"]
[White "Ibrahimli, Murad"]
[Black "Muradli, Mahammad"]
[Result "0-1"]
[ECO "D23"]
[WhiteElo "2396"]
[BlackElo "2555"]
[Annotator "TA"]
[PlyCount "88"]
[EventDate "2024.04.11"]
[EventType "swiss"]
[EventCountry "AZE"]
[SourceTitle "playchess.com"]
[Source "ChessBase"]
[SourceQuality "1"]
[TimeControl "40/5400+30:1800+30"]

1. d4 Nf6 2. c4 e6 3. Nf3 d5 4. Nc3 dxc4 5. Qa4+ Nc6 6. a3 {[%emt 0:00:24] D23: Queen's Gambit Accepted: 3 Nf3 Nf6 sidelines.} Bd6 7. e4 Bd7 $146 ({Predecessor:} 7... Be7 8. Bxc4 O-O 9. Be2 a6 10. O-O Rb8 11. Rd1 b5 12. Qc2 Bb7 13. Be3 Na5 {1-0 Mozharov,M (2558)-Sadhwani,R (2479) Titled Tuesday intern op 1st Oct blitz 2019 (10)}) 8. Qxc4 e5 9. d5 Ne7 10. Be2 O-O 11. O-O h6 12. Qb3 Qb8 13. h3 a6 14. Be3 b5 15. Qc2 c6 16. dxc6 Bxc6 17. Rfd1 Rc8 18. Qb1 Rd8 19. Nd2 a5 20. a4 bxa4 21. Nc4 Bc7 22. Rxd8+ (22. Nxa4 Bxe4 (22... Nxe4 23. Ncb6 $11) 23. Rxd8+ Qxd8 $17) 22... Qxd8 23. Qc2 (23. Nxa4 Bxe4 (23... Nxe4 24. Qd3 $15) 24. Qd1 Qxd1+ 25. Bxd1 Ned5 $15) 23... Qb8 24. f3 (24. Nxa4 Bxe4 (24... Nxe4 25. Nab6 $16) 25. Qd1 Nf5 $17) 24... Qb7 25. Nxa4 Bxa4 26. Qxa4 (26. Rxa4 Nc6 $11) 26... Nc6 27. Bf1 Rd8 28. Kh2 Nh5 29. Rd1 Nd4 30. Rd2 Qa6 31. Bf2 Qf6 32. Qd1 Qf4+ 33. Kg1 Rb8 34. Be3 Qf6 35. Qe1 Nf4 36. Kh2 Rb3 37. Bxd4 (37. Qg3 $11 {keeps the balance.}) 37... exd4 $17 38. e5 Ng6 $1 39. Rxd4 (39. Kg1 $17 {keeps fighting.} Nxe5 (39... Bxe5 40. Qe4 $17) 40. Nxe5 Bxe5 41. Re2) 39... Nxe5 $19 (39... Bxe5+ 40. Nxe5 Nxe5 41. Rd5 $11) 40. Kh1 {[%emt 0:00:00] [#]} Nxf3 $1 41. Qe8+ Kh7 42. Bd3+ $2 {[%emt 0:03:36] [#]} (42. gxf3 $2 Rxf3 (42... Qxd4 $2 43. Qxf7 a4 44. Be2 $19) 43. Qe2 Rf2 $19 (43... Rxf1+ $2 44. Kg2 $19)) (42. Qe4+ {was the crucial defense.} g6 43. Rd1 (43. gxf3 $2 Rxf3 44. Qe2 Rf2 $19)) 42... Rxd3 $1 $19 ({Not} 42... g6 43. Rd7 Ng5 44. Nd2 Rxd3 (44... Rxb2 45. Nf3 $11) 45. Rxd3 $11) 43. Qe4+ g6 ({Don't go for} 43... Qg6 $2 44. Qxg6+ (44. Qxd3 $2 {perishes.} Nxd4 45. Qxd4 Qb1+ 46. Qg1 Qd3 $19) 44... Kxg6 45. Rxd3 $18) 44. Rxd3 Ng5 0-1

[Event "Azerbaijan Men Championship 2024"]
[Site "Baku"]
[Date "2024.04.11"]
[Round "1.3"]
[White "Rasulov, Vugar"]
[Black "Talibov, Shiroghlan"]
[Result "1/2-1/2"]
[ECO "C01"]
[WhiteElo "2551"]
[BlackElo "2373"]
[Annotator "TA"]
[PlyCount "127"]
[EventDate "2024.04.11"]
[EventType "swiss"]
[EventCountry "AZE"]
[SourceTitle "playchess.com"]
[Source "ChessBase"]
[SourceQuality "1"]
[TimeControl "40/5400+30:1800+30"]

1. e4 e5 2. Nf3 Nf6 3. Nxe5 d6 4. Nf3 Nxe4 5. d3 Nf6 6. d4 d5 7. Bd3 Bd6 8. Qe2+ Qe7 9. Qxe7+ Kxe7 10. O-O Re8 11. Nc3 c6 12. Bg5 {[%emt 0:04:53] White has an edge.} h6 13. Rae1+ Be6 14. Bh4 Nbd7 15. Ne5 g5 16. Bg3 Bxe5 $1 17. dxe5 Nh5 18. Ne2 Nc5 19. Nd4 Nxd3 20. cxd3 Ng7 21. f4 {[%emt 0:01:56] [#] Hoping for f5.} Nf5 22. Nxf5+ Bxf5 23. fxg5 Bxd3 24. Rf6 {[%emt 0:02:32] Strongly threatening e6.} hxg5 25. Bf2 d4 26. Bxd4 Bc4 $1 27. a4 Kd7 28. Rd6+ Kc7 29. Rc1 Be6 30. Be3 g4 31. a5 Rad8 32. a6 (32. Bxa7 Rxd6 33. exd6+ Kxd6 $14) 32... Rxd6 33. exd6+ $14 {[%emt 0:00:18][%mdl 4096] Endgame. KRB-KRB} Kd7 34. axb7 (34. Bxa7 bxa6 35. Bc5 Bb3 $11) 34... Rb8 35. b4 Rxb7 36. Bc5 a6 37. Ra1 Bc4 $1 38. Kf2 Rb8 39. Re1 Be6 40. Kg3 Rh8 41. Re3 Rh5 42. Ra3 Bc4 43. Ra1 Rh8 44. b5 cxb5 45. Rxa6 {[%emt 0:00:13] Ra7+ is the strong threat.} Rc8 46. Ra7+ Kc6 47. Bb4 Be6 48. Ra1 Kb6 49. Ba5+ Kc6 50. Rd1 Kd7 51. Bb4 Rc4 52. Rb1 Kc6 53. Rb2 Kd7 54. Kh4 Re4 55. Kg5 Rc4 56. Kh6 Re4 57. g3 Re3 58. Rc2 Bc4 59. Kg5 Re2 60. Rc1 Rxh2 61. Rd1 Re2 62. Kf4 ({White should play} 62. Ra1 $11 Ra2 63. Rxa2 Bxa2 64. Kxg4) 62... Rf2+ 63. Ke5 {[%emt 0:00:16] [#]} Rf1 ({Better is} 63... f6+ $1 $17 64. Ke4 Rb2) 64. Rxf1 {[%emt 0:06:29] Weighted Error Value: White=0.07 (flawless) /Black=0.05 (flawless) .  Mistake:       	White=1     	Black=1      Inaccurate:     	White=2     	Black=2      OK:         	White=24    	Black=24     Best:        	White=2     	Black=5      Strong:       	---       	Black=3} 1/2-1/2

[Event "Azerbaijan Men Championship 2024"]
[Site "Baku"]
[Date "2024.04.11"]
[Round "1.4"]
[White "Hasanzade, Toghrul"]
[Black "Iskandarov, Misratdin"]
[Result "0-1"]
[ECO "B61"]
[WhiteElo "2350"]
[BlackElo "2538"]
[Annotator "TA"]
[PlyCount "90"]
[EventDate "2024.04.11"]
[EventType "swiss"]
[EventCountry "AZE"]
[SourceTitle "playchess.com"]
[Source "ChessBase"]
[SourceQuality "1"]
[TimeControl "40/5400+30:1800+30"]

1. e4 c5 2. Nf3 Nc6 3. d4 cxd4 4. Nxd4 Nf6 5. Nc3 d6 6. Bg5 Bd7 7. Qd2 Rc8 8. f4 Nxd4 9. Qxd4 Qa5 10. O-O-O h6 11. Bxf6 gxf6 12. Kb1 Qc5 13. f5 (13. Qd3 $14) 13... Qxd4 $11 14. Rxd4 h5 {[%emt 0:01:43] The position is equal.} 15. Bb5 Bxb5 16. Nxb5 a6 17. Nc3 Rg8 18. g3 e6 19. Rf1 Be7 20. Rd3 Kd7 21. b3 Rc5 22. Nd1 {[%emt 0:10:30] [#]} h4 $1 23. Rf4 (23. c4 hxg3) 23... hxg3 24. Rxg3 Rh8 25. h4 d5 {[%emt 0:00:24] ...Bd6 would now be deadly.} 26. fxe6+ fxe6 27. Rd3 Bd6 28. Rxf6 dxe4 (28... Rxh4 29. exd5 Rxd5 30. Rxd5 exd5 31. Rf1 $17) 29. Re3 {[%emt 0:02:20] [#]} (29. Rd2 {keeps fighting.}) 29... Rf5 $19 ({Not} 29... Rxh4 30. Rf1 $17) 30. Rxf5 exf5 {[%emt 0:00:06][%mdl 4096] Endgame. KRB-KRN} 31. Rh3 Rh5 32. Ne3 Ke6 33. Kc1 f4 34. Nc4 Be7 35. Kd2 b5 36. Nb2 Kf5 37. Nd1 Rxh4 38. Rxh4 Bxh4 {[%emt 0:00:03] KB-KN} 39. c4 b4 (39... bxc4 $142 40. bxc4 Be7) 40. Ke2 Be7 {[%emt 0:00:00] Black mates.} 41. Kd2 Bc5 42. Ke2 f3+ 43. Kd2 Kf4 44. Nb2 e3+ 45. Ke1 Ke5 {[%emt 0:58:20] White did not feel at home in the position after the opening.   Weighted Error Value: White=0.69/Black=0.20 (precise) .  Mistake:       	White=2     	---        Inaccurate:     	White=4     	---        OK:         	White=4     	Black=12     Best:        	White=1     	Black=2} 0-1

[Event "Azerbaijan Men Championship 2024"]
[Site "Baku"]
[Date "2024.04.11"]
[Round "1.5"]
[White "Guliyev, Namig"]
[Black "Ahmad, Khagan"]
[Result "1-0"]
[ECO "B92"]
[WhiteElo "2509"]
[BlackElo "2321"]
[Annotator "TA"]
[PlyCount "53"]
[EventDate "2024.04.11"]
[EventType "swiss"]
[EventCountry "AZE"]
[SourceTitle "playchess.com"]
[Source "ChessBase"]
[SourceQuality "1"]
[TimeControl "40/5400+30:1800+30"]

1. e4 c5 2. Nf3 d6 3. d4 cxd4 4. Nxd4 Nf6 5. Nc3 a6 6. Be2 e5 7. Nb3 Be7 8. Bg5 Nbd7 9. a4 b6 10. Bc4 Bb7 11. Qe2 O-O 12. O-O Qc7 13. Rfd1 Rfc8 14. Nd2 h6 15. Bxf6 Nxf6 16. Bb3 Rd8 17. Nf1 Rab8 18. Nd5 {[%emt 0:09:47] White is better.} Bxd5 19. Bxd5 b5 20. Ne3 Bf8 21. Bb3 Qc6 (21... Nxe4 $2 {perishes.} 22. Nd5 Qa7 23. Qxe4 $18) 22. Nd5 Nxd5 23. Bxd5 Qc7 {[%emt 0:00:36] Black is weak on the light squares} 24. axb5 axb5 25. Ra3 Rdc8 26. Qh5 {[%emt 0:01:12] White is much more active.} Qxc2 $2 {[%emt 0:00:33][%mdl 8192] [#]} (26... Kh8 $16 27. Rf3 (27. Bxf7 Qxc2 28. Be6 g6 $16) (27. Qxf7 Qxf7 28. Bxf7 Rxc2 $14) (27. Rc3 Qa7 $18) 27... Be7) 27. Qxf7+ {[%emt 0:00:19] Weighted Error Value: White=0.04 (flawless) /Black=0.66.  Loses game:     	---       	Black=1      Inaccurate:     	---       	Black=2      OK:         	White=4     	Black=3      Best:        	White=1     	---} ({Less strong is} 27. Bxf7+ Kh8 $16) 1-0

[Event "Azerbaijan Men Championship 2024"]
[Site "Baku"]
[Date "2024.04.11"]
[Round "1.6"]
[White "Sevdimaliyev, Urfan"]
[Black "Samadov, Read"]
[Result "0-1"]
[ECO "B90"]
[WhiteElo "2320"]
[BlackElo "2502"]
[Annotator "TA"]
[PlyCount "54"]
[EventDate "2024.04.11"]
[EventType "swiss"]
[EventCountry "AZE"]
[SourceTitle "playchess.com"]
[Source "ChessBase"]
[SourceQuality "1"]
[TimeControl "40/5400+30:1800+30"]

1. e4 c5 2. Nf3 d6 3. d4 cxd4 4. Nxd4 Nf6 5. Nc3 a6 6. Be3 e5 7. Nf3 Be7 8. Bc4 O-O 9. O-O Nc6 10. Bg5 Na5 11. Bxf6 Nxc4 12. Bxe7 {[%emt 0:00:38] White is slightly better.} Qxe7 13. Nd5 Qd8 14. Qd3 Nb6 15. Ne3 {[%emt 0:11:06] Excellent horsemanship.} Qe7 (15... Na4 $14) 16. Rfd1 $16 Rd8 17. c4 {[%emt 0:15:37][%cal Oc4c5] And now c5! would win.} (17. Qb3 {is more complex.} Nd7 18. Nf5 Qf8 19. Rxd6 Nc5 20. Rxd8 Qxd8 21. Qc4) 17... Be6 18. Qb3 {[%emt 0:03:24] [#] Repels Na4} (18. b3 $14) 18... Nxc4 $1 $15 19. Nxc4 {[%emt 0:03:01] Threatens to win with Qd3.} b5 20. Nfd2 bxc4 (20... Rac8 $5) 21. Nxc4 Rac8 22. Rac1 d5 23. exd5 Bxd5 24. Qa4 Qh4 25. b3 $2 {[%emt 0:04:17] [#]} (25. h3 $11 {and White stays safe.}) 25... Bxg2 $1 $19 26. Rxd8+ (26. Ne3 Qxa4 27. Rxd8+ Rxd8 28. bxa4) 26... Qxd8 27. Qxa6 (27. Kxg2 $142 Qg5+ 28. Kf3 Qxc1 29. Qa5) 27... Bf3 {[%emt 0:01:26] Weighted Error Value: White=0.85/Black=0.09 (flawless) .  Loses game:     	White=1     	---        Mistake:       	White=3     	Black=1      Inaccurate:     	White=1     	Black=2      OK:         	White=8     	Black=4      Best:        	---       	Black=1      Strong:       	---       	Black=1      Brilliant:      	---       	Black=1} 0-1

[Event "Azerbaijan Men Championship 2024"]
[Site "Baku"]
[Date "2024.04.11"]
[Round "1.7"]
[White "Sadikhov, Ulvi"]
[Black "Rustamov, Rustam"]
[Result "0-1"]
[ECO "A00"]
[WhiteElo "2497"]
[BlackElo "2261"]
[Annotator "TA"]
[PlyCount "116"]
[EventDate "2024.04.11"]
[EventType "swiss"]
[EventCountry "AZE"]
[SourceTitle "playchess.com"]
[Source "ChessBase"]
[SourceQuality "1"]
[TimeControl "40/5400+30:1800+30"]

1. g3 d5 2. Bg2 c6 3. d3 Bf5 4. Nd2 Nf6 5. e4 Bg4 6. f3 Bc8 7. e5 Ng8 8. f4 e6 9. Ne2 Ne7 10. O-O Qb6+ 11. d4 Nf5 12. Nf3 h5 13. c4 dxc4 14. Nc3 Na6 15. Qe2 Nxd4 16. Nxd4 Qxd4+ 17. Kh1 Qd3 18. Qe1 Nb4 19. Qf2 Qd8 (19... h4 $142 20. gxh4 Qh7) 20. Be3 Nd5 21. Rad1 Qc7 22. Ne4 b6 23. Bd4 Rg8 ({Better is} 23... Be7 $17) 24. f5 $2 (24. Qf3 $11 {and White has nothing to worry.}) 24... exf5 $19 25. Nd6+ Bxd6 26. exd6 Qxd6 27. Be5 Qe7 (27... Qxe5 28. Rfe1 $11) 28. Qd4 Be6 29. Qxc4 Qb7 30. Rc1 Rc8 ({Black should try} 30... Ne7 31. Qc3 f6 (31... Bxa2 $2 32. b3 $18)) 31. Qe2 (31. Rfe1 $17 {keeps fighting.}) 31... g6 (31... h4 $19 32. gxh4 Qd7) 32. Rfe1 a6 (32... Qd7 $17 {Hoping for ...Ke7.} 33. b4 f6 (33... Nxb4 34. Bf6 $17) 34. Bxf6 Nxf6) 33. Kg1 $15 Kd7 34. Qd2 g5 (34... Rcd8 $5) 35. Bf6 h4 36. Bxg5 hxg3 37. hxg3 Qa7 38. b4 b5+ 39. Rc5 a5 $2 {[%emt 0:03:44] [#]} (39... Rxg5 $11 40. Qxg5 Nxb4) 40. a3 $2 (40. Kf1 $1 $18 {[%cal Rg2d5] Bxd5 would now be deadly.} Qb7 (40... axb4 $2 41. Bxd5 Qxc5 42. Bxe6+ Kc7 43. Bf4+ Kb6 44. Bxc8 $18) 41. a4) 40... axb4 $11 41. axb4 Ra8 42. Bf4 Qa2 43. Qd4 Rg4 $2 {[%emt 0:01:40][%mdl 8192] [#]} (43... Ra3 $11 44. Rxc6 Kxc6 45. Qc5+ Kb7 46. Qxb5+ Ka7 47. Qc5+ Ka8 48. Qc6+ Ka7 49. Qc5+ Ka8 50. Qc6+ Ka7 51. Qc5+) 44. Kf1 $2 (44. Bxd5 $1 $18 Qxd5 45. Rxd5+ cxd5 46. Rc1 Rxf4 47. Qxf4) 44... Rag8 (44... Ra3 $15 45. Rxc6 Rxf4+ (45... Kxc6 $2 46. Rc1+ $18) 46. gxf4 Kxc6 47. Qc5+ Kb7 48. Qxb5+ Kc7 49. Qc5+ Kd7) 45. Re2 $11 Qb1+ 46. Kf2 Rxf4+ $1 (46... Qxb4 $2 47. Rxd5+ cxd5 48. Qxb4 $18) 47. gxf4 Rg4 (47... Qxb4 $2 48. Rxd5+ Bxd5 49. Qxb4 $18) (47... Rxg2+ $5 48. Kxg2 Qxb4 49. Qxb4 Nxb4 $16) 48. Rxd5+ (48. Rd2 $11) 48... cxd5 $15 ({Weaker is} 48... Bxd5 49. Qa7+ Kd8 50. Qb8+ Kd7 51. Qe8+ Kc7 52. Re7+ Kb6 53. Qd8+ Ka6 54. Qa5#) 49. Qa7+ ({White should play} 49. Bf1 $1 $15) 49... Ke8 $17 50. Qb8+ Ke7 51. Qc7+ $2 (51. Qxb5 $17 Qd1 (51... Rxf4+ 52. Bf3 $15) 52. Qc5+ Kf6 53. Qe3) 51... Kf8 52. Qb8+ $2 (52. Qc5+ Kg8 53. Qd4) 52... Kg7 $19 53. Qe5+ Kh7 54. Re1 $2 (54. Qd4) 54... Qc2+ $19 ({Much less strong is} 54... Qxb4 55. Bf3 Qxf4 56. Rh1+ Kg6 57. Qxf4 Rxf4 58. Ke3) 55. Re2 Qc4 56. Bf3 Qxf4 57. Qxf4 Rxf4 58. Rb2 Rd4 0-1

[Event "Azerbaijan Men Championship 2024"]
[Site "Baku"]
[Date "2024.04.11"]
[Round "1.8"]
[White "Suleymanli, Suleyman"]
[Black "Gadimbayli, Abdulla"]
[Result "1/2-1/2"]
[ECO "A11"]
[WhiteElo "2246"]
[BlackElo "2489"]
[Annotator "TA"]
[PlyCount "121"]
[EventDate "2024.04.11"]
[EventType "swiss"]
[EventCountry "AZE"]
[SourceTitle "playchess.com"]
[Source "ChessBase"]
[SourceQuality "1"]
[TimeControl "40/5400+30:1800+30"]

1. Nf3 Nf6 2. g3 d5 3. Bg2 c6 4. O-O Bf5 5. c4 e6 6. cxd5 exd5 7. d3 Be7 8. Nd4 Bg6 9. Nc3 O-O 10. e4 Nbd7 11. Bf4 Nc5 12. Re1 dxe4 13. dxe4 Qb6 14. Nf5 Bxf5 15. exf5 Rad8 16. Qc2 Bd6 {[%emt 0:00:30] [#] Threatens to win with ...Bxf4.} 17. Bg5 h6 18. Bxf6 gxf6 19. Rad1 Be5 {[%emt 0:02:15] Inhibits Rd4.} 20. b3 Qa5 21. Ne4 (21. Nb1 $5) 21... Nxe4 22. Bxe4 Rd4 23. Kg2 Rfd8 24. Rxd4 Rxd4 25. Re2 Kg7 26. Bf3 Qd8 27. Qc1 Qd7 28. Qc2 a6 29. h3 (29. Be4 {is interesting.} Rd1 30. Qc5 Bd4 31. Qb4) 29... Qd8 30. Qc5 Qd7 31. Qc2 (31. Be4 {is more complex.} Rd1 32. h4 Bd4 33. Qb4) 31... a5 {[%emt 0:02:59] The position is equal.} 32. Qc5 a4 33. Re4 Rxe4 34. Bxe4 $11 {[%emt 0:00:06][%mdl 4096] Endgame. KQB-KQB} a3 35. Qxa3 Qd2 {[%emt 0:00:24] Wards off Qb4} 36. Qc5 {[%emt 0:02:28] Inhibits Bd4.} Qxa2 37. Qe3 Qb2 38. Qd3 Bd4 39. Qc2 Qa1 40. Bd3 Qa5 41. Qd1 {[%emt 0:03:36] [#] And now Qg4+ would win.} Ba7 42. Qg4+ Kf8 43. Qf4 Kg7 44. Bc4 {[%emt 0:00:00] Wards off Qd5+. aiming for Qg4+.} Qc5 45. h4 b5 46. Be2 Qc2 47. Qf3 Qd2 48. Kf1 Qc1+ 49. Kg2 Qd2 50. Kf1 Qc2 51. Kg2 Kf8 52. Kf1 Qc1+ 53. Kg2 Qc5 54. Bd3 Qd4 {[%emt 0:00:58] Dodges Be4} 55. Be4 c5 56. Bd5 c4 57. bxc4 bxc4 58. Bxc4 Qxc4 59. Qa8+ Kg7 60. Qxa7 Qd5+ 61. Kg1 {[%emt 0:00:05] Weighted Error Value: White=0.06 (flawless) /Black=0.04 (flawless) .  Inaccurate:     	White=3     	Black=1      OK:         	White=16    	Black=24     Best:        	White=1     	Black=2} 1/2-1/2

[Event "Azerbaijan Men Championship 2024"]
[Site "Baku"]
[Date "2024.04.11"]
[Round "1.9"]
[White "Babazada, Khazar"]
[Black "Aslanov, Umid"]
[Result "1-0"]
[ECO "B15"]
[WhiteElo "2474"]
[BlackElo "2239"]
[Annotator "TA"]
[PlyCount "79"]
[EventDate "2024.04.11"]
[EventType "swiss"]
[EventCountry "AZE"]
[SourceTitle "playchess.com"]
[Source "ChessBase"]
[SourceQuality "1"]
[TimeControl "40/5400+30:1800+30"]

1. e4 c6 2. d4 d5 3. Nc3 dxe4 4. Nxe4 Nf6 5. Nxf6+ exf6 6. c3 Bd6 7. Bd3 O-O 8. Ne2 Re8 9. Qc2 h5 10. O-O h4 11. Bd2 {[%emt 0:00:47] White has an edge.} Nd7 12. h3 Nf8 13. Rae1 Bc7 14. f4 Qd6 15. c4 f5 16. Bxf5 Bxf5 17. Qxf5 Re6 18. c5 Qd7 19. d5 Qxd5 (19... cxd5 $11 20. Nd4 Re7) 20. Qxd5 $16 cxd5 21. Nd4 Rxe1 22. Rxe1 (22. Bxe1 $6 Ng6 $11) 22... Rc8 23. b4 a5 24. Nb5 (24. Nf5 $16 {Ne7+ is the strong threat.} Kh7 25. Re7 (25. bxa5 Ra8 $16) (25. Nxh4 axb4 26. Nf5 Ne6 $11) 25... axb4 26. Nd6 (26. Bxb4 Bxf4 27. Rxb7 Ra8 $11) (26. Nxh4 b6 $11) (26. Rxf7 Kg6 $11) 26... Bxd6 27. cxd6) 24... axb4 $11 25. Re7 Bb8 (25... Bd8 $11 26. Rxb7 Rxc5) 26. Rxb7 $16 {[%emt 0:08:23] White is much more active.} (26. Bxb4 $6 Bxf4 27. Kf1 Rb8 $11 (27... Ne6 28. Rxb7 Be3 29. Nd6 $14)) 26... Ne6 27. c6 (27. Bxb4 $6 Bxf4 28. Kf1 d4 $11 (28... Nxc5 29. Na7 $17)) (27. Nd6 $16 Rd8 (27... Rxc5 $2 28. Rxb8+ Kh7 29. f5 $18) (27... Nxc5 28. Nxc8 Nxb7 29. Ne7+ Kf8 30. Nxd5 $16) 28. Bxb4 (28. Nxf7 Rf8 $17)) 27... g6 (27... Bxf4 $2 28. Na7 $18 (28. Bxb4 $2 Rxc6 29. Nc3 d4 $19) (28. Bxb4 $2 Rxc6 29. Nc3 d4 $19)) (27... Nd8 28. Rxb8 Rxb8 29. c7 $18) 28. Kf1 (28. Bxb4 Bxf4 29. Nc3 Rxc6 30. Nxd5 Rc1+ 31. Kf2 Be5 $17) 28... Kg7 ({Avoid the trap} 28... Nd8 $2 29. Rxb8 Rxb8 30. c7 $18) (28... d4 $1 $11 {keeps the balance.}) 29. Rb6 d4 30. Ra6 (30. Bxb4 $16 {Threatens to win with Nd6.} Bxf4 31. Ke2) 30... Bc7 $14 31. Bxb4 Bxf4 32. Ke2 Nd8 33. Nxd4 {[%emt 0:06:58] Black must now prevent Be7.} Be5 34. Bc3 Kh7 35. Kf3 Bxd4 36. Bxd4 {[%emt 0:00:01][%cal Oc6c7] c7! would now be deadly.} Nxc6 37. Bf6 Nb4 $2 {[%emt 0:00:39][%mdl 8192] [#]} (37... Kh6 $16 {might work better.}) 38. Ra4 $1 $18 Rc6 $2 (38... Rc1 39. Bb2 (39. Rxb4 Rf1+ 40. Ke2 Rxf6 $16) 39... Rf1+ 40. Ke2 Rf4) 39. Bb2 ({Not} 39. Bxh4 Rc3+ 40. Ke2 Nd5 $16) 39... Rb6 40. a3 {[%emt 0:00:00] Weighted Error Value: White=0.17 (very precise) /Black=0.35.  Loses game:     	---       	Black=1      Mistake:       	White=3     	Black=5      Inaccurate:     	White=2     	Black=3      OK:         	White=8     	Black=9      Best:        	White=3     	Black=4      Strong:       	White=1     	---} 1-0

[Event "Azerbaijan Men Championship 2024"]
[Site "Baku"]
[Date "2024.04.11"]
[Round "1.10"]
[White "Hamidov, Allahverdi"]
[Black "Manafov, Vugar"]
[Result "0-1"]
[ECO "E45"]
[WhiteElo "2091"]
[BlackElo "2424"]
[Annotator "TA"]
[PlyCount "72"]
[EventDate "2024.04.11"]
[EventType "swiss"]
[EventCountry "AZE"]
[SourceTitle "playchess.com"]
[Source "ChessBase"]
[SourceQuality "1"]
[TimeControl "40/5400+30:1800+30"]

1. d4 Nf6 2. c4 e6 3. Nc3 Bb4 4. e3 b6 5. Nge2 Ba6 6. a3 Bxc3+ 7. Nxc3 d5 8. b3 O-O 9. Be2 c5 10. O-O cxd4 11. exd4 dxc4 12. bxc4 {[%emt 0:00:27] aiming for Bf3. The position is equal.} Nc6 13. Be3 Na5 14. c5 Bxe2 15. Qxe2 Nd5 16. Nb5 Qd7 17. a4 Rac8 18. Rac1 Rc6 19. Nd6 h6 (19... Nb3 $5 20. Rc2 Nxe3 21. Qxe3 Nxd4 22. Qxd4 bxc5 23. Rxc5 Rxd6 $17) 20. h3 Nb3 {[%emt 0:10:29] A dynamic duo of knights.} 21. Rc2 Nxe3 22. Qxe3 {[%emt 0:00:00] [#] Black converts the advantage convincingly.} (22. fxe3 $15 bxc5 23. Ne4) 22... Nxd4 $1 $17 23. Qxd4 {[%emt 0:00:00] Black must now prevent Nb5.} bxc5 24. Rxc5 Rxd6 25. Qc4 Rd4 26. Qb5 Qd6 (26... Rd8 {simplifies} 27. Qxd7 R8xd7 28. Ra5 h5) 27. Rc6 Qf4 28. Ra6 Rb8 29. Qc5 Rxa4 30. Qxa7 Rc4 31. Ra2 Rbc8 32. Re2 Rc1 33. Ree1 R1c3 {[%emt 0:00:11] Black is more active.} 34. Rd1 R8c5 35. Rd8+ Kh7 {[%emt 0:00:04][%cal Oc3h3] ( -> ...Rxh3!)} 36. Rd7 $2 {[%emt 0:00:10][%mdl 8192] [#]} (36. Rd3 $17) 36... Rxh3 $3 {[%emt 0:00:38][%mdl 512] Weighted Error Value: White=0.34/Black=0.06 (flawless) .  Loses game:     	White=1     	---        Mistake:       	White=1     	---        Inaccurate:     	White=2     	Black=1      OK:         	White=10    	Black=12     Best:        	---       	Black=2      Brilliant:      	---       	Black=2} 0-1